Map: Bel'Shir Vestige LE (Void)

Players

Railgan - Winner!

  • Race: Zerg Zerg
  • League: Grandmaster
  • Spawn Location: 5:00

BuRning

  • Race: Terran Terran
  • League: Master
  • Spawn Location: 11:00

VOD

Have the link to the VOD?

Description

Time

  • Played on: March 17, 2017, 6:25 p.m.
  • Length: 13:17
Show
View Real Time Build Order
Export as new Build Order

Railgan Zerg - Winner!

Build Orders: Pool First, Muta Ling Bane 

Get SALT Encoding   

  12  0:01  Drone  
  13  0:12  Overlord  
  13  0:17  Drone  
  14  0:30  Drone x2  
  14  0:34  Drone  
  17  0:45  Drone  
  17  0:48  Spawning Pool  
  17  0:56  Drone  
  18  1:10  Hatchery  
  17  1:11  Extractor  
  17  1:15  Drone  
  17  1:18  Drone  
  18  1:34  Queen  
  18  1:35  Zergling x2  
  18  1:38  Drone  
  22  1:49  Overlord  
  22  2:07  Drone  
  23  2:10  Drone, Queen  
  26  2:17  Metabolic Boost  
  26  2:21  Drone  
  27  2:23  Queen  
  27  2:27  Drone  
  30  2:34  Drone  
  30  2:37  Drone  
  31  2:44  Drone x4  
  31  2:48  Overlord  
  35  2:54  Lair  
  35  2:55  Drone  
  36  2:59  Extractor  
  35  3:12  Drone x3  
  38  3:17  Overlord  
  38  3:24  Drone x2  
  38  3:25  Zergling x2  
  41  3:33  Zergling x4  
  43  3:35  Drone x3  
  46  3:49  Drone x2  
  46  3:50  Drone, Overlord  
  46  3:52  Drone x2  
  46  3:55  Extractor, Drone  
  51  3:56  Extractor, Spire  
  51  4:00  Drone  
  50  4:03  Overseer  
  50  4:06  Drone  
  50  4:07  Drone, Overlord  
  52  4:14  Zergling x4  
  54  4:19  Zergling x2  
  54  4:23  Zergling x2  
  54  4:24  Baneling Nest  
  54  4:26  Spine Crawler  
  54  4:27  Zergling x6  
  54  4:28  Spine Crawler  
  54  4:31  Zergling x2  
  56  4:35  Queen  
  57  4:39  Queen  
  57  4:44  Zergling x2  
  57  4:45  Zergling x4  
  53  5:10  Hatchery  
  53  5:13  Mutalisk x5  
  60  5:25  Drone x2  
  60  5:26  Drone, Overlord  
  62  5:31  Drone x2  
  64  5:36  Mutalisk  
  64  5:42  Spore Crawler  
  65  5:43  Drone x3  
  65  5:45  Overseer  
  68  5:51  Zergling x4  
  68  6:03  Drone x4  
  67  6:05  Drone  
  67  6:11  Drone  
  68  6:12  Drone  
  68  6:13  Drone, Overlord  
  70  6:21  Evolution Chamber  
  70  6:22  Drone x2  
  70  6:23  Overlord  
  70  6:24  Evolution Chamber  
  70  6:25  Queen  
  70  6:28  Drone  
  70  6:29  Centrifical Hooks  
  70  6:32  Zerg Flyer Weapons Level 1  
  73  6:42  Drone  
  73  6:43  Overseer  
  73  6:45  Drone  
  73  6:46  Drone x5  
  80  6:50  Drone  
  81  7:01  Drone  
  81  7:02  Drone x3  
  81  7:03  Overlord  
  81  7:07  Zerg Melee Weapons Level 1, Zerg Ground Armor Level 1  
  85  7:15  Drone x6  
  91  7:17  Drone  
  91  7:21  Extractor x2  
  90  7:26  Drone  
  90  7:27  Drone x2  
  93  7:36  Overlord  
  93  7:38  Baneling x4  
  93  7:42  Mutalisk x3  
  93  7:44  Pneumatized Carapace  
  99  7:46  Hatchery, Zergling x4  
  99  7:50  Overlord, Zergling x2  
  101  8:00  Zergling x12  
  101  8:05  Baneling x4  
  107  8:08  Zergling x8  
  111  8:12  Overlord  
  111  8:15  Zergling x12  
  117  8:20  Zergling x2  
  109  8:35  Mutalisk x3  
  109  8:36  Mutalisk x4  
  109  8:38  Drone  
  109  8:40  Zerg Flyer Weapons Level 2  
  123  8:48  Zergling x2  
  124  8:53  Overseer  
  122  8:56  Hatchery  
  122  8:58  Hatchery  
  120  9:03  Evolution Chamber  
  120  9:04  Zerg Ground Armor Level 2  
  116  9:23  Zergling x12  
  116  9:24  Mutalisk x4, Overlord  
  120  9:27  Drone  
  129  9:37  Overlord  
  127  9:48  Drone x6  
  127  9:49  Drone, Zerg Melee Weapons Level 2  
  128  9:53  Zergling x12  
  128  9:57  Baneling x12  
  134  10:01  Zergling x2  
  134  10:02  Zergling x2  
  136  10:07  Mutalisk  
  136  10:11  Zergling x4  
  136  10:13  Overlord  
  140  10:14  Zergling x2  
  140  10:18  Baneling  
  140  10:19  Baneling x5  
  141  10:22  Zergling x2  
  142  10:33  Zergling x8  
  142  10:34  Zergling x2  
  142  10:35  Baneling x10  
  139  10:39  Zergling x8  
  139  10:41  Mutalisk  
  139  10:42  Mutalisk x3  
  151  10:47  Zergling x2  
  151  10:48  Zergling x4  
  139  11:01  Baneling x2  
  139  11:02  Baneling x4  
  132  11:09  Zergling x14  
  132  11:10  Zergling x14  
  136  11:17  Baneling x5  
  123  11:18  Mutalisk  
  123  11:20  Zergling x2  
  123  11:21  Zergling x10  
  126  11:29  Zergling x6  
  126  11:30  Zergling x2  
  126  11:31  Mutalisk x3, Zergling x2  
  130  11:33  Zergling x2  
  130  11:35  Baneling x8  
  130  11:38  Zergling x2  
  132  11:46  Zergling x8  
  136  11:47  Baneling  
  136  11:48  Baneling  
  136  11:56  Baneling  
  136  11:57  Baneling x8  
  136  11:58  Zergling x2  
  137  12:04  Hatchery  
  137  12:07  Baneling  
  137  12:08  Baneling x10  
  135  12:19  Zergling x2  
  133  12:25  Baneling x10  
  133  12:26  Zergling x2  
  133  12:27  Zergling x14  
  139  12:30  Zergling x2  
  139  12:31  Zergling x2  
  141  12:37  Zergling x10  
  110  12:59  Zergling x22  
Show
View Real Time Build Order
Export as new Build Order

BuRning Terran 

Build Orders: Reaper Expand, Hellion Banshee, MMM Bio 

Get SALT Encoding   

  12  0:00  SCV  
  13  0:12  SCV  
  14  0:17  Supply Depot  
  14  0:25  SCV  
  15  0:38  SCV  
  15  0:40  Barracks  
  16  0:43  Refinery  
  16  0:50  SCV  
  17  1:03  SCV  
  18  1:15  SCV  
  19  1:29  Reaper, Orbital Command  
  20  1:39  Command Center  
  20  1:49  Refinery  
  20  1:55  Supply Depot, SCV  
  21  2:01  Marine  
  22  2:09  Factory  
  22  2:11  SCV  
  23  2:20  Barracks Reactor  
  23  2:25  SCV  
  24  2:37  SCV  
  25  2:50  SCV  
  26  2:57  Starport  
  26  2:59  Orbital Command  
  26  3:03  Cyclone, Hellion  
  31  3:07  Marine  
  31  3:08  SCV  
  33  3:20  SCV  
  33  3:24  Hellion  
  33  3:25  Marine, SCV  
  38  3:32  SCV  
  38  3:33  Supply Depot  
  39  3:34  Medivac  
  39  3:37  SCV  
  42  3:41  Hellion  
  42  3:44  Armory, SCV  
  44  3:49  SCV  
  44  3:53  Supply Depot  
  44  3:54  Barracks Tech Lab  
  45  3:56  SCV  
  45  4:01  Hellion  
  48  4:03  Hellion, SCV  
  48  4:09  SCV  
  52  4:15  SCV  
  51  4:23  SCV  
  51  4:26  Cloaking Field, Hellion x2  
  54  4:31  SCV  
  54  4:36  SCV  
  53  4:39  Banshee  
  53  4:43  SCV  
  57  4:48  SCV  
  58  4:59  SCV  
  56  5:00  SCV  
  53  5:09  Command Center  
  53  5:10  Barracks Tech Lab  
  53  5:12  SCV  
  53  5:13  SCV  
  54  5:23  Banshee  
  54  5:24  SCV  
  54  5:25  SCV  
  59  5:29  Engineering Bay  
  59  5:30  Engineering Bay  
  59  5:33  Marine  
  59  5:34  Stimpack  
  60  5:36  SCV  
  60  5:37  SCV  
  62  5:44  Factory Reactor  
  62  5:46  Barracks  
  62  5:54  Barracks, SCV x2, Marine  
  51  6:05  Missile Turret  
  51  6:06  SCV x2  
  51  6:07  Missile Turret  
  51  6:08  Missile Turret  
  50  6:12  Marine  
  50  6:15  Starport Reactor  
  50  6:16  Missile Turret, Terran Infantry Armor Level 1  
  50  6:17  Refinery  
  50  6:18  Refinery, SCV, Terran Infantry Weapons Level 1  
  51  6:20  SCV  
  51  6:22  Orbital Command  
  53  6:30  Marine  
  54  6:33  Marine x2  
  54  6:39  SCV  
  56  6:41  Factory Reactor  
  56  6:45  Barracks  
  56  6:47  Barracks, Marine  
  56  6:51  Marine  
  56  6:52  Marine x3  
  61  6:55  Medivac x2, Orbital Command  
  61  6:56  SCV  
  61  7:00  SCV  
  67  7:05  Marine  
  67  7:08  Supply Depot, SCV  
  69  7:09  Marine  
  69  7:10  Marine x3  
  69  7:12  SCV  
  69  7:14  Missile Turret, Supply Depot  
  74  7:19  Supply Depot  
  74  7:20  SCV  
  74  7:21  SCV  
  73  7:23  Marine  
  73  7:24  Widow Mine, SCV  
  73  7:29  Marine x2, Widow Mine  
  81  7:32  SCV  
  81  7:35  Combat Shields  
  81  7:36  SCV  
  83  7:37  Marine, SCV  
  83  7:38  Marine, Medivac x2  
  91  7:45  Marine  
  91  7:47  Marine  
  91  7:50  Marine, SCV x2  
  95  7:52  Barracks Reactor x2  
  95  7:55  Marine, Widow Mine  
  95  7:56  SCV  
  95  7:57  Widow Mine  
  101  7:59  Supply Depot  
  101  8:03  Supply Depot  
  101  8:10  Supply Depot  
  101  8:18  Terran Infantry Armor Level 2  
  101  8:20  Marine x2, Medivac x2  
  101  8:22  SCV  
  101  8:24  Refinery  
  101  8:25  Refinery  
  101  8:26  Barracks x2  
  108  8:27  Barracks  
  108  8:31  Marine x2  
  108  8:33  Marine  
  108  8:34  Terran Infantry Weapons Level 2  
  98  8:36  Supply Depot  
  98  8:37  Marine x3  
  98  8:38  Marine, Supply Depot  
  95  8:41  Marine x2  
  95  8:47  Supply Depot  
  97  8:49  Marine  
  97  8:51  Marine x2  
  100  8:57  Marine x2  
  100  8:58  Widow Mine x2  
  100  9:00  Marine x2  
  100  9:01  Marine x2  
  100  9:02  Medivac x2  
  114  9:07  Marine  
  114  9:09  Marine x2  
  115  9:12  Supply Depot  
  115  9:15  Marine x2  
  115  9:16  Bunker  
  112  9:18  Marine  
  112  9:19  Barracks Reactor  
  112  9:20  Barracks Tech Lab  
  112  9:23  Barracks Reactor, SCV x2, Marine x3  
  109  9:25  Marine  
  109  9:27  Marine x2  
  109  9:28  Terran Vehicle And Ship Armor Level 1  
  112  9:31  Widow Mine x2  
  112  9:33  Factory  
  116  9:42  Marauder  
  116  9:43  Marine  
  116  9:44  Marine  
  120  9:47  Marine x3  
  120  9:50  Marine x4  
  120  9:51  Medivac x2  
  120  9:52  Supply Depot  
  128  9:55  Supply Depot  
  128  9:56  Marine  
  128  9:58  Concussive Shells  
  128  9:59  Marine x2  
  131  10:03  Marauder  
  131  10:04  Marine x2  
  131  10:05  Missile Turret  
  131  10:06  Widow Mine x2  
  131  10:07  Marine x3  
  139  10:10  Supply Depot  
  139  10:13  Marine x3  
  139  10:14  Marauder  
  147  10:21  Factory Tech Lab  
  147  10:24  Marine x2  
  147  10:25  Marine x3, Marauder, Supply Depot  
  154  10:32  Marine x2  
  154  10:33  Marine x2  
  154  10:34  Widow Mine  
  154  10:35  Marauder  
  142  10:37  Terran Infantry Armor Level 3  
  142  10:38  Marine x3  
  145  10:47  Marauder  
  145  10:48  Thor  
  145  10:49  Marine x3  
  155  10:50  Liberator x2  
  148  11:01  Marine x3  
  148  11:02  Marine x3, Marauder  
  144  11:08  Marauder  
  145  11:15  Marine  
  145  11:16  Marine x4  
  145  11:17  Widow Mine  
  152  11:20  Widow Mine  
  152  11:24  Marauder  
  144  11:29  Marauder  
  144  11:30  Marine  
  144  11:31  Marine x2, Widow Mine  
  145  11:39  Marine  
  145  11:40  Marine x5  
  145  11:45  Marauder  
  145  11:46  Marine x3  
  156  11:51  Marine, Widow Mine x2, Marauder  
  163  11:57  Marine x2  
  165  12:04  Marine  
  165  12:05  Marine  
  165  12:06  Marauder  
  166  12:18  Marine x3  
  166  12:20  Marine x4  
  166  12:21  Widow Mine x2, Marauder  
  171  12:28  Marauder  
  173  12:34  Marine x2  
  173  12:36  Marine x2  
  173  12:37  Marine  
  175  12:42  Marauder  
  177  12:49  Marauder  
  177  12:50  Marine x2  
  137  12:52  Marine x2  
  137  12:54  Marine x3  
  137  12:57  Marine x2  
Tags
 
Add a new tag
Caveats
  • Supply blocks, unpowered buildings, or Contaminate may cause inaccurate times.
  • Supply counts are checked every 10 seconds.